 Dungeon Crawl Stone Soup version 0.20-a0-303-g575bbf7 (webtiles) character file.

52 tsouns the Bolt Thrower (level 3, 0/27 HPs)
             Began as a Demonspawn Wanderer on Dec 16, 2016.
             Slain by Sigmund
             ... wielding a +2 scythe of venom
              (4 damage)
             ... on level 2 of the Dungeon.
             The game lasted 00:04:42 (808 turns).

tsouns the Bolt Thrower (Demonspawn Wanderer)        Turns: 808, Time: 00:04:42

Health: 0/27       AC:  6    Str: 15    XL:     3   Next: 60%
Magic:  4/4        EV: 15    Int: 18    God:
Gold:   21         SH:  0    Dex: 15    Spells: 4/4 levels left

rFire  . . .     SeeInvis .     p - +1 long sword (flame)
rCold  . . .     Gourm    .     b - +0 ring mail
rNeg   . . .     Faith    .     (no shield)
rPois  .         Spirit   .     (helmet restricted)
rElec  .         Reflect  .     (no cloak)
rCorr  .         Harm     .     e - +0 pair of gloves
MR     .....                    (no boots)
Stlth  ++........               (no amulet)
                                (no ring)
                                (no ring)

@: mighty, agile, lethally poisoned (0 -> -32)
A: horns 1, spiny 1
a: no special abilities


You were on level 2 of the Dungeon.
You were not hungry.

You visited 1 branch of the dungeon, and saw 2 of its levels.

You collected 21 gold pieces.

Inventory:

Hand Weapons
 c - a +0 hand crossbow
 p - a +1 long sword of flaming (weapon)
Missiles
 d - 2 bolts
Armour
 b - a +0 ring mail (worn)
 e - a +0 pair of gloves (worn)
Scrolls
 l - a scroll of identify
 m - a scroll of enchant weapon {unknown}
 o - a scroll of immolation {unknown}
Books
 a - a book of Necromancy

   Spells                             Type                      Level
   a - Pain                           Necromancy                   1
   b - Animate Skeleton               Necromancy                   1
   c - Vampiric Draining              Necromancy                   3
   d - Regeneration                   Charms/Necromancy            3
   e - Animate Dead                   Necromancy                   4
   f - Control Undead                 Necromancy                   4
Comestibles
 f - a bread ration
 h - 3 chunks of flesh
 k - a slice of pizza


   Skills:
 + Level 1.9 Fighting
 + Level 3.2 Crossbows
 - Level 1.7 Armour
   Level 1.7 Shields
 - Level 1.0 Spellcasting
   Level 2.1 Necromancy


You had 4 spell levels left.
You didn't know any spells.

Dungeon Overview and Level Annotations

Branches:
Dungeon (2/15)

Altars:
Xom

Annotations:
D:2 Sigmund


Innate Abilities, Weirdness & Mutations

You have a pair of small horns on your head.
You are partially covered in sharp spines.


Message History

Aim: Sigmund, wielding a scythe of venom and wearing a robe (almost dead, unusually agile)
You shoot a bolt. The bolt closely misses Sigmund.
You feel sick.
Sigmund casts a spell.
Sigmund flickers and vanishes!
Deactivating autopickup; reactivate with Ctrl-A.
Something hits you!
You are more poisoned.
Firing (i - inventory):
d - 2 bolts (quivered)
Press: ? - help, Shift-Dir - straight line, f - you
Okay, then.
Wield which item (- for none, * to show all)? (? for menu, Esc to quit)
Your +1 long sword of flaming bursts into flame!
p - a +1 long sword of flaming (weapon)
* * * LOW HITPOINT WARNING * * *
You feel sick.
You closely miss something.
* * * LOW HITPOINT WARNING * * *
You feel very sick. Something hits you.
You die...

... .(. #(# # #.#.#
#######.#.###
#...........# #.#.#.#
#{#.#.# #@#.#.###
#.#.....##.....##
#.......#8.....8
#####...##.....#
#.#####.......# 8...8
#.......รท.....#
##>##
#######.####..#######
######.###(..##...##
#.............>.)..#


There were no monsters in sight!

Vanquished Creatures
  A gnoll (D:1)
  An adder (D:2)
  A leopard gecko (D:1)
  A ball python (D:1)
  5 bats
  A giant cockroach (D:1)
  4 goblins (D:1)
  5 hobgoblins
  2 jackals (D:1)
  6 frilled lizards
  2 kobolds
  3 rats
32 creatures vanquished.

Notes
Turn   | Place    | Note
-------+----------+-------------------------------------------
     0 | D:1      | tsouns the Demonspawn Wanderer began the quest for the Orb.
     0 | D:1      | tsouns set off with: a book of Necromancy, a +0 ring mail, a +0 hand crossbow, 22 bolts, a bread ration
     0 | D:1      | Reached XP level 1. HP: 15/15 MP: 2/2
    31 | D:1      | Reached skill level 2 in Crossbows
    34 | D:1      | Gained mutation: You have a pair of small horns on your head. [demonic ancestry]
    34 | D:1      | Reached XP level 2. HP: 21/21 MP: 3/3
   200 | D:1      | Found a shimmering altar of Xom.
   202 | D:1      | Found a stormy altar of Qazlal.
   202 | D:1      | Found an iron altar of Okawaru.
   213 | D:1      | Found an iron altar of Okawaru.
   213 | D:1      | Found a blossoming altar of Fedhas.
   213 | D:1      | Found a blossoming altar of Fedhas.
   416 | D:1      | Gained mutation: You are partially covered in sharp spines. [demonic ancestry]
   416 | D:1      | Reached XP level 3. HP: 27/27 MP: 4/4
   501 | D:1      | Reached skill level 3 in Crossbows
   777 | D:2      | Noticed Sigmund
   808 | D:2      | Slain by Sigmund

Vault maps used:
D:1:      matt_arrival_los_fun, minivault_25, doesnt_xom_only_xom
D:2:      nicolae_overflow_hidden_temple, uniq_sigmund

Skill      XL: |  1  2  3 |
---------------+----------+-----
Crossbows      | 2 3 |  3.2
Fighting       | |  1.9
Armour         | |  1.7
Shields        | |  1.7
Spellcasting   | |  1.0
Necromancy     | |  2.1

Action                   || total
-------------------------++-------
Melee: Halberd           ||    60
       Headbutt          ||     3
       Long sword        ||     9
 Fire: Hand crossbow     ||    42
  Use: Potion            ||     4
       Scroll            ||     2
Armor: Ring mail         ||    59
Dodge: Dodged            ||    62
       Rpst.: Long sword ||     4
